 Dungeon Crawl Stone Soup version 0.20-a0-350-ga83eecc (webtiles) character file.

49 HAL9000 the Vexing (level 3, -2/16 HPs)
             Began as a Vine Stalker Enchanter on Dec 23, 2016.
             Slain by a goblin
             ... wielding a +1 dagger of speed
             ... led by Robin
              (4 damage)
             ... on level 2 of the Dungeon.
             The game lasted 00:04:03 (1839 turns).

HAL9000 the Vexing (Vine Stalker Enchanter)         Turns: 1839, Time: 00:04:03

Health: -2/16      AC:  5    Str: 11    XL:     3   Next: 75%
Magic:  0/7        EV: 12    Int: 15    God:
Gold:   126        SH:  0    Dex: 14    Spells: 0/6 levels left

rFire  . . .     SeeInvis .     a - +1 dagger
rCold  . . .     Gourm    .     b - +1 robe
rNeg   . . .     Faith    .     (no shield)
rPois  .         Spirit   +     w - +0 hat
rElec  .         Reflect  .     m - +0 cloak
rCorr  .         Harm     .     t - +0 pair of gloves
MR     .....                    (no boots)
Stlth  ++........               (no amulet)
                                (no ring)
                                (no ring)

@: hasted, very quick
A: fangs 2, magic shield, antimagic bite, no device heal 3, rot immunity
a: no special abilities


You were on level 2 of the Dungeon.
You were not hungry.

You visited 1 branch of the dungeon, and saw 2 of its levels.

You collected 126 gold pieces.

Inventory:

Hand Weapons
 a - a +1 dagger (weapon)
Armour
 b - a +1 robe (worn)
 m - a +0 cloak (worn)
 t - a +0 pair of gloves (worn)
 w - a +0 hat (worn)
Scrolls
 g - a scroll of fear {unknown}
 i - a scroll of magic mapping {unknown}
 j - a scroll of enchant armour {unknown}
 l - a scroll of remove curse {unknown}
 n - 2 scrolls of identify {unknown}
 o - a scroll of recharging {unknown}
 p - a scroll of teleportation {unknown}
Potions
 e - a potion of cure mutation {unknown}
 f - 2 potions of haste
Books
 c - a book of Maledictions

   Spells                             Type                      Level
   a - Corona                         Hexes                        1
   b - Ensorcelled Hibernation        Hexes/Ice                    2
   c - Confuse                        Hexes                        3
   d - Tukima's Dance                 Hexes                        3
   e - Dazzling Spray                 Conjuration/Hexes            3
Comestibles
 d - 2 bread rations
 r - a meat ration
 s - 5 fruits
 u - 5 chunks of flesh


   Skills:
 + Level 2.1 Short Blades
 - Level 1.5 Dodging
 - Level 3.6 Stealth
 - Level 2.1 Spellcasting
 + Level 4.0 Hexes


You couldn't memorise any spells.
You knew the following spells:

 Your Spells              Type           Power        Failure   Level  Hunger
a - Corona                Hex            ##.....      4%          1    #......
x - Confuse               Hex            ##......     14%         3    ###....
z - Ensorcelled Hibernat  Hex/Ice        #.....       14%         2    ###....


Dungeon Overview and Level Annotations

Branches:
Dungeon (2/15)

Altars:

Annotations:
D:2 Robin


Innate Abilities, Weirdness & Mutations

You have extremely sharp teeth.
When hurt, damage is shared between your health and your magic reserves.
Your bite disrupts and absorbs the magic of your enemies.
Potions cannot restore your health.
You are immune to rotting.


Message History

You feel invigorated.
You kill the goblin!
Robin throws the goblin at you! The hobgoblin hits you.
The goblin closely misses you.
A goblin comes into view. It is wielding a club.
The goblin shouts!
You hit the goblin.
The goblin is moderately wounded.
The goblin hits you with a dagger of speed.
The hobgoblin hits you.
A goblin comes into view.
You closely miss the goblin.
The goblin hits you with a dagger of speed!
* * * LOW HITPOINT WARNING * * *
The hobgoblin hits you.
* * * LOW HITPOINT WARNING * * *
Okay, then.
It was a potion of haste.
You feel yourself speed up.
The goblin hits you with a dagger of speed.
You die...

#...# #.# #....
###..########.#
###.#
#.............#
#.#
#.##.########.#
#.# #.##.# #.#
#.# #.##.#
#.#####.#
#.##.#
#........
#.##g#
#.>..##[#
#.##@#
####.##.#
#.##g# #.##.#
#.##g# #.##.#
#g# #.##.#


gg# #.##.. #g# #.#### #g# #.# # #.# #####.# # #(..#.# # You could see Robin, 3
hobgoblins and 4 goblins.

Vanquished Creatures
  A dart slug (D:1)
  3 leopard geckos (D:1)
  3 giant cockroaches
  6 goblins
  10 hobgoblins
  2 ball pythons
  3 bats
  5 kobolds
  5 rats
38 creatures vanquished.

Notes
Turn   | Place    | Note
-------+----------+-------------------------------------------
     0 | D:1      | HAL9000 the Vine Stalker Enchanter began the quest for the Orb.
     0 | D:1      | Reached XP level 1. HP: 9/9 MP: 4/4
     9 | D:1      | Reached skill level 1 in Short Blades
   391 | D:1      | Reached XP level 2. HP: 13/13 MP: 4/6
   626 | D:1      | Learned a level 2 spell: Ensorcelled Hibernation
  1037 | D:1      | Reached XP level 3. HP: 15/16 MP: 7/7
  1309 | D:1      | Learned a level 3 spell: Confuse
  1830 | D:2      | Noticed Robin
  1833 | D:2      | Reached skill level 4 in Hexes
  1839 | D:2      | Slain by a goblin

Vault maps used:
D:1:      onia_arrival_pyramid
D:2:      serial_glass, glass_columns_a, glass_columns_b, glass_columns_a,
          item_on_display_a, glass_columns_a, kennysheep_generic_room_12,
          uniq_robin

Skill      XL: |  1  2  3 |
---------------+----------+-----
Short Blades   | 1 2 |  2.1
Hexes          | 4 |  4.0
Dodging        | |  1.5
Stealth        | |  3.6
Spellcasting   | |  2.1

Action                   || total
-------------------------++-------
Melee: Dagger            ||   103
       Bite              ||    16
 Cast: Corona            ||     6
       Ensorcelled Hiber ||    12
  Use: Potion            ||     1
 Stab: Sleeping          ||     9
  Eat: Chunk             ||     4
Armor: Robe              ||    31
Dodge: Dodged            ||    47
